Kelowna Rockets vs Santa Cruz Tiger Sharks
Created - Saturday, May 13, 2023 at 07:00
Goals
|
| Kelowna Rockets |
1 |
1 |
1 |
0 |
0 |
3 |
| Santa Cruz Tiger Sharks |
1 |
1 |
1 |
0 |
1 |
4 |
|
Shots
|
| Kelowna Rockets |
23 |
6 |
8 |
0 |
3 |
37 |
| Santa Cruz Tiger Sharks |
23 |
8 |
11 |
0 |
2 |
42 |
|
1st period
1. Kelowna Rockets , Jacob Perreault 12 (Lucas Johansen 13) at 15:58
2. Santa Cruz Tiger Sharks , Kailer Yamamoto 26 (Jack Roslovic 40, Sean Day 9) at 18:43
Penalties :
Michael McLeod (SCS) for Fighting (Major) at 9:05, Maxence Guenette (KEL) for Fighting (Major) at 9:05, Hunter Drew (SCS) for High sticking (Minor) at 13:22
2nd period
3. Santa Cruz Tiger Sharks , Zach Sanford 14 (Kailer Yamamoto 34, Jack Roslovic 41) at 0:57 (PP)
4. Kelowna Rockets , Ty Dellandrea 27 (Jesse Ylonen 39, Jasper Weatherby 39) at 4:38 (PP)
Penalties :
Austin Strand (SCS) for Fighting (Major) at 0:47, Givani Smith (KEL) for Fighting (Major) at 0:47, Jasper Weatherby (KEL) for Kneeing (Minor) at 0:54, Max Lajoie (KEL) for Tripping (Minor) at 1:19, Jesper Boqvist (SCS) for Slashing (Minor) at 4:31, Givani Smith (KEL) for Holding (Minor) at 9:55, Oskari Laaksonen (KEL) for Interference (Minor) at 13:19, Sean Day (SCS) for Roughing (Minor) at 16:49
3rd period
5. Santa Cruz Tiger Sharks , Zach Sanford 15 (Kailer Yamamoto 35, Jack Roslovic 42) at 7:52 (PP)
6. Kelowna Rockets , Ty Dellandrea 28 (Jesse Ylonen 40, Jasper Weatherby 40) at 14:04
Penalties :
Sean Day (SCS) for Boarding (Minor) at 1:54, Jasper Weatherby (KEL) for Roughing (Minor) at 2:00, Oskar Steen (KEL) for Tripping (Minor) at 7:32, Oskar Steen (KEL) for Hooking (Minor) at 9:56
Overtime #1
No Goal
Penalties :
No Penalty
Shootout
Kelowna Rockets, Ty Dellandrea - Stopped by Mikhail Berdin
Santa Cruz Tiger Sharks, Jack Roslovic - Stopped by Eetu Makiniemi
Kelowna Rockets, Jasper Weatherby - Stopped by Mikhail Berdin
Santa Cruz Tiger Sharks, Kailer Yamamoto - Goal!
Kelowna Rockets, Jesse Ylonen - Stopped by Mikhail Berdin
Penalties :
No Penalty
Goalie Stats
Eetu Makiniemi (KEL), 39 saves from 42 shots - (0.929), OTL, 11-4-2, 65:00 minutes
Mikhail Berdin (SCS), 34 saves from 37 shots - (0.919), W, 12-7-2, 65:00 minutes
Players Stats for Kelowna Rockets
Player Name G A P +/- PIM S H SB GA TA FO MP PP MP PK MP
------------------------------------------------------------------------------------
Alex Peters 0 0 0 2 0 0 2 0 0 0 0/0 13:59 0:00 0:19
Arnaud Durandeau 0 0 0 -1 0 2 0 0 0 0 0/0 6:16 0:00 0:00
Cale Fleury 0 0 0 0 0 1 2 1 0 0 0/0 31:18 3:19 5:20
Givani Smith 0 0 0 1 7 1 3 0 2 1 1/2 11:57 0:08 0:00
Jack Drury 0 0 0 1 0 4 1 0 0 0 3/4 15:51 0:00 2:08
Jacob Perreault 1 0 1 1 0 3 5 1 1 0 0/0 12:45 0:08 0:18
Jasper Weatherby 0 2 2 1 4 2 2 0 2 2 0/1 22:07 1:46 4:43
Jesse Ylonen 0 2 2 1 0 4 0 0 0 3 0/6 18:28 1:47 1:59
Joel Kiviranta 0 0 0 0 0 4 0 1 1 1 0/0 15:27 2:16 0:09
Lauri Pajuniemi 0 0 0 -1 0 0 0 0 0 0 0/0 5:45 0:00 0:00
Lucas Johansen 0 1 1 -1 0 3 2 1 0 0 0/0 23:05 1:04 3:25
Matias Maccelli 0 0 0 0 0 2 0 3 1 0 0/0 21:20 2:16 3:16
Max Lajoie 0 0 0 0 2 0 1 1 0 4 0/0 30:44 3:07 3:21
Maxence Guenette 0 0 0 -1 5 1 0 2 0 1 0/0 19:26 0:52 4:06
Oskar Steen 0 0 0 0 4 3 1 0 0 0 1/7 15:00 2:16 0:00
Oskari Laaksonen 0 0 0 2 2 1 0 0 0 0 0/0 12:08 0:00 0:00
Roby Jarventie 0 0 0 0 0 0 2 0 0 0 1/2 6:58 0:08 0:00
Ty Dellandrea 2 0 2 0 0 6 5 3 1 0 23/44 26:59 1:47 4:36
Players Stats for Santa Cruz Tiger Sharks
Player Name G A P +/- PIM S H SB GA TA FO MP PP MP PK MP
------------------------------------------------------------------------------------
Alexander Volkov 0 0 0 -1 0 1 0 0 1 0 0/0 14:15 0:00 1:55
Austin Strand 0 0 0 0 5 0 1 4 1 0 0/0 25:04 3:31 2:12
Calle Rosen 0 0 0 -1 0 3 0 0 0 2 0/0 25:12 4:12 1:59
David Gustafsson 0 0 0 0 0 2 1 1 1 1 6/9 12:02 0:07 2:15
Evgeny Svechnikov 0 0 0 0 0 2 0 0 0 0 0/0 7:27 0:02 0:00
Hunter Drew 0 0 0 0 2 0 0 2 0 0 0/0 16:03 0:48 0:00
Jack Roslovic 0 3 3 0 0 6 0 0 1 0 8/21 19:49 3:57 0:00
Jesper Boqvist 0 0 0 0 2 6 1 0 0 0 1/1 17:34 4:21 0:00
Kailer Yamamoto 1 2 3 0 0 7 3 1 1 1 0/2 19:50 3:57 0:00
Kevin Rooney 0 0 0 -1 0 2 1 1 1 1 7/12 14:44 0:02 1:49
Kieffer Bellows 0 0 0 -1 0 2 1 1 0 1 0/0 11:38 0:00 0:00
Michael McLeod 0 0 0 0 5 2 0 2 0 0 12/18 19:05 4:23 0:21
Sean Day 0 1 1 -1 4 1 1 0 0 0 0/0 22:53 4:09 0:46
Steven Lorentz 0 0 0 0 0 0 2 0 0 0 0/0 9:24 0:00 2:15
Tobias Bjornfot 0 0 0 0 0 3 3 2 0 1 0/0 26:43 4:13 2:12
Travis Boyd 0 0 0 0 0 2 3 0 5 1 2/2 17:38 4:23 0:00
Wyatt Kalynuk 0 0 0 0 0 0 1 0 1 0 0/0 14:18 0:00 1:13
Zach Sanford 2 0 2 0 0 3 1 1 0 0 1/1 20:32 4:00 0:08
3 Stars
1 - Ty Dellandrea (KEL)
2 - Kailer Yamamoto (SCS)
3 - Zach Sanford (SCS)
Power Play
Kelowna Rockets - 1 on 4 Attempt(s) - 25.00%
Santa Cruz Tiger Sharks - 2 on 7 Attempt(s) - 28.57%
Penalty Kill
Kelowna Rockets - 5 on 7 Attempt(s) - 71.43%
- Score 0 goal in Penalty Kill
Santa Cruz Tiger Sharks - 3 on 4 Attempt(s) - 75.00%
- Score 0 goal in Penalty Kill
Team Stat
Kelowna Rockets - Hits : 26 - Faceoff Wins : 29 - Blocked Shots : 13 - Penalty Minutes : 24
Santa Cruz Tiger Sharks - Hits : 19 - Faceoff Wins : 37 - Blocked Shots : 15 - Penalty Minutes : 18
Official
Referees : Chris Rooney and Dennis LaRue
Linesman : Andy McElman and Pierre Racicot
Game Notes
Maxence Guenette beats up Michael McLeod at 9:05 of 1st period
Austin Strand and Givani Smith fight to a draw at 0:47 of 2nd period
Kelowna Rockets
5 vs 5 Forward
Center Left Wing Right Wing Time % Phy DF OF
1 Ty Dellandrea Jasper Weatherby Jesse Ylonen 40 1 2 2
2 Oskar Steen Matias Maccelli Joel Kiviranta 30 1 2 2
3 Jack Drury Givani Smith Jacob Perreault 20 1 2 2
4 Ty Dellandrea Arnaud Durandeau Lauri Pajuniemi 10 1 2 2
5 vs 5 Defense
Defense Defense Time % Phy DF OF
1 Cale Fleury Max Lajoie 40 1 2 2
2 Lucas Johansen Maxence Guenette 30 1 2 2
3 Alex Peters Oskari Laaksonen 20 1 2 2
4 Max Lajoie Lucas Johansen 10 1 2 2
PowerPlay Forward
Center Left Wing Right Wing Time % Phy DF OF
1 Ty Dellandrea Jasper Weatherby Jesse Ylonen 60 1 2 2
2 Oskar Steen Matias Maccelli Joel Kiviranta 40 1 2 2
PowerPlay Defense
Defense Defense Time % Phy DF OF
1 Cale Fleury Max Lajoie 60 1 2 2
2 Lucas Johansen Maxence Guenette 40 1 2 2
Penalty Kill 4 Players Forward
Center Wing Time % Phy DF OF
1 Ty Dellandrea Jasper Weatherby 60 1 2 2
2 Jesse Ylonen Matias Maccelli 40 1 2 2
Penalty Kill 4 Players Defense
Defense Defense Time % Phy DF OF
1 Cale Fleury Max Lajoie 60 1 2 2
2 Lucas Johansen Maxence Guenette 40 1 2 2
Penalty Kill - 3 Players Forward
Forward Time % Phy DF OF
1 Ty Dellandrea 60 1 2 2
2 Jasper Weatherby 40 1 2 2
Penalty Kill - 3 Players Defense
Defense Defense Time % Phy DF OF
1 Cale Fleury Max Lajoie 60 1 2 2
2 Lucas Johansen Maxence Guenette 40 1 2 2
4 vs 4 Forward
Center Wing Time % Phy DF OF
1 Ty Dellandrea Jasper Weatherby 60 1 2 2
2 Jesse Ylonen Matias Maccelli 40 1 2 2
4 vs 4 Defense
Defense Defense Time % Phy DF OF
1 Cale Fleury Max Lajoie 60 1 2 2
2 Lucas Johansen Maxence Guenette 40 1 2 2
Last Minutes Offensive
Center Left Wing Right Wing Defense Defense
Ty Dellandrea Jasper Weatherby Jesse Ylonen Cale Fleury Max Lajoie
Last Minutes Defensive
Center Left Wing Right Wing Defense Defense
Ty Dellandrea Jasper Weatherby Jesse Ylonen Cale Fleury Max Lajoie
Goaltenders
Starting : Eetu Makiniemi
Backup : Justus Annunen
Extra Forwards
Normal : Roby Jarventie, Ty Dellandrea, Jack Drury - PP : Roby Jarventie, Ty Dellandrea - PK : Jack Drury
Extra Defensemen
Normal : Max Lajoie, Maxence Guenette, Cale Fleury - PP : Cale Fleury - PK : Maxence Guenette, Cale Fleury
Penalty Shots
Ty Dellandrea, Jasper Weatherby, Jesse Ylonen, Matias Maccelli, Oskar Steen
Santa Cruz Tiger Sharks
5 vs 5 Forward
Center Left Wing Right Wing Time % Phy DF OF
1 Jack Roslovic Zach Sanford Kailer Yamamoto 30 1 2 2
2 Michael McLeod Travis Boyd Jesper Boqvist 30 1 2 2
3 Kevin Rooney Kieffer Bellows Alexander Volkov 25 1 2 2
4 David Gustafsson Evgeny Svechnikov Steven Lorentz 15 1 2 2
5 vs 5 Defense
Defense Defense Time % Phy DF OF
1 Tobias Bjornfot Austin Strand 35 1 2 2
2 Calle Rosen Sean Day 35 1 2 2
3 Hunter Drew Wyatt Kalynuk 30 1 2 2
4 Tobias Bjornfot Austin Strand 0 1 2 2
PowerPlay Forward
Center Left Wing Right Wing Time % Phy DF OF
1 Jack Roslovic Zach Sanford Kailer Yamamoto 50 1 2 2
2 Michael McLeod Travis Boyd Jesper Boqvist 50 1 2 2
PowerPlay Defense
Defense Defense Time % Phy DF OF
1 Tobias Bjornfot Austin Strand 50 1 2 2
2 Calle Rosen Sean Day 50 1 2 2
Penalty Kill 4 Players Forward
Center Wing Time % Phy DF OF
1 Kevin Rooney Alexander Volkov 50 1 2 2
2 David Gustafsson Steven Lorentz 50 1 2 2
Penalty Kill 4 Players Defense
Defense Defense Time % Phy DF OF
1 Tobias Bjornfot Austin Strand 50 1 2 2
2 Calle Rosen Sean Day 50 1 2 2
Penalty Kill - 3 Players Forward
Forward Time % Phy DF OF
1 Kevin Rooney 50 1 2 2
2 David Gustafsson 50 1 2 2
Penalty Kill - 3 Players Defense
Defense Defense Time % Phy DF OF
1 Tobias Bjornfot Austin Strand 50 1 2 2
2 Calle Rosen Sean Day 50 1 2 2
4 vs 4 Forward
Center Wing Time % Phy DF OF
1 Jack Roslovic Kailer Yamamoto 50 1 2 2
2 Michael McLeod Zach Sanford 50 1 2 2
4 vs 4 Defense
Defense Defense Time % Phy DF OF
1 Tobias Bjornfot Austin Strand 50 1 2 2
2 Calle Rosen Sean Day 50 1 2 2
Last Minutes Offensive
Center Left Wing Right Wing Defense Defense
Jack Roslovic Zach Sanford Kailer Yamamoto Tobias Bjornfot Austin Strand
Last Minutes Defensive
Center Left Wing Right Wing Defense Defense
Kevin Rooney David Gustafsson Alexander Volkov Tobias Bjornfot Austin Strand
Goaltenders
Starting : Mikhail Berdin
Backup : Carter Hart
Extra Forwards
Normal : David Gustafsson, Kevin Rooney, Alexander Volkov - PP : David Gustafsson, Kevin Rooney - PK : Alexander Volkov
Extra Defensemen
Normal : Hunter Drew, Wyatt Kalynuk, Calle Rosen - PP : Hunter Drew - PK : Wyatt Kalynuk, Calle Rosen
Penalty Shots
Jack Roslovic, Kailer Yamamoto, Michael McLeod, Zach Sanford, Travis Boyd
% Time on Ice - Kelowna Rockets
Lines # - Real PCT - Wanted PCT - Time Play
Normal Forward
1 - 30% - 40% - 13:40
2 - 34% - 30% - 15:18
3 - 24% - 20% - 10:48
4 - 13% - 10% - 5:45
Normal Defense
1 - 40% - 40% - 18:06
2 - 32% - 30% - 14:35
3 - 26% - 20% - 11:38
4 - 3% - 10% - 1:12
PP Forward
1 - 46% - 60% - 1:55
2 - 54% - 40% - 2:16
PP Defense
1 - 75% - 60% - 3:07
2 - 25% - 40% - 1:04
PK Forward
1 - 76% - 60% - 6:26
2 - 24% - 40% - 1:59
PK Defense
1 - 63% - 60% - 5:20
2 - 37% - 40% - 3:05
PK3 Forward
1 - 0% - 60%
2 - 0% - 40%
PK3 Defense
1 - 0% - 60%
2 - 0% - 40%
44 Forward
1 - 84% - 60% - 5:45
2 - 16% - 40% - 1:08
44 Defense
1 - 62% - 60% - 4:15
2 - 38% - 40% - 2:38
Last Minute Offensive - 0:00
Last Minute Defensive - 0:00
Total
Forward - 65:00
Defense - 65:00
|
% Time on Ice - Santa Cruz Tiger Sharks
Lines # - Real PCT - Wanted PCT - Time Play
Normal Forward
1 - 29% - 30% - 13:11
2 - 30% - 30% - 13:35
3 - 26% - 25% - 11:38
4 - 16% - 15% - 7:07
Normal Defense
1 - 34% - 35% - 15:41
2 - 35% - 35% - 15:45
3 - 28% - 30% - 12:47
4 - 3% - 0% - 1:18
PP Forward
1 - 47% - 50% - 3:57
2 - 53% - 50% - 4:28
PP Defense
1 - 50% - 50% - 4:13
2 - 50% - 50% - 4:12
PK Forward
1 - 46% - 50% - 1:56
2 - 54% - 50% - 2:15
PK Defense
1 - 53% - 50% - 2:12
2 - 47% - 50% - 1:59
PK3 Forward
1 - 0% - 50%
2 - 0% - 50%
PK3 Defense
1 - 0% - 50%
2 - 0% - 50%
44 Forward
1 - 50% - 50% - 3:26
2 - 50% - 50% - 3:27
44 Defense
1 - 53% - 50% - 3:37
2 - 47% - 50% - 3:16
Last Minute Offensive - 0:00
Last Minute Defensive - 0:00
Total
Forward - 65:00
Defense - 65:00
|
Play-by-Play
1st period
0:01 of 1st period - Ty Dellandrea wins face-off versus Kailer Yamamoto in neutral zone.
0:25 of 1st period - Joel Kiviranta is hit by Travis Boyd and loses puck.
0:52 of 1st period - Steven Lorentz is hit by Givani Smith.
0:58 of 1st period - Wrist shot by Evgeny Svechnikov.
0:58 of 1st period - Stopped by Eetu Makiniemi with a rebound.
1:10 of 1st period - Snap shot by Arnaud Durandeau.
1:10 of 1st period - Stopped by Mikhail Berdin with a rebound.
1:12 of 1st period - Slapshot by Lucas Johansen.
1:12 of 1st period - Stopped by Mikhail Berdin with a rebound.
1:30 of 1st period - Kevin Rooney is hit by Ty Dellandrea and loses puck.
2:11 of 1st period - Snap shot by Jack Drury.
2:11 of 1st period - Stopped by Mikhail Berdin with a rebound.
2:13 of 1st period - Snap shot by Givani Smith.
2:13 of 1st period - Deflect By Jacob Perreault.
2:13 of 1st period - Stopped by Mikhail Berdin without a rebound.
2:14 of 1st period - Michael McLeod wins face-off versus Jesse Ylonen in Santa Cruz Tiger Sharks zone.
2:18 of 1st period - Off-side.
2:19 of 1st period - Michael McLeod wins face-off versus Ty Dellandrea in neutral zone.
2:26 of 1st period - Wrist shot by Travis Boyd.
2:26 of 1st period - Stopped by Eetu Makiniemi without a rebound.
2:27 of 1st period - Jack Roslovic wins face-off versus Ty Dellandrea in Kelowna Rockets zone.
2:54 of 1st period - Tobias Bjornfot is hit by Lucas Johansen and loses puck.
3:19 of 1st period - Travis Boyd is hit by Jacob Perreault.
3:37 of 1st period - Snap shot by Alexander Volkov.
3:37 of 1st period - Shot Misses the Net.
4:01 of 1st period - Wrist shot by Joel Kiviranta.
4:01 of 1st period - Stopped by Mikhail Berdin with a rebound.
4:03 of 1st period - Wrist shot by Matias Maccelli.
4:03 of 1st period - Stopped by Mikhail Berdin with a rebound.
4:05 of 1st period - Slapshot by Oskari Laaksonen.
4:05 of 1st period - Shot Blocked by Kailer Yamamoto.
4:16 of 1st period - Off-side.
4:17 of 1st period - David Gustafsson wins face-off versus Givani Smith in neutral zone.
5:17 of 1st period - Snap shot by Jesper Boqvist.
5:17 of 1st period - Deflect By Travis Boyd.
5:17 of 1st period - Shot Misses the Net.
5:17 of 1st period - Puck is out of play.
5:18 of 1st period - Jack Roslovic wins face-off versus Oskar Steen in Kelowna Rockets zone.
5:27 of 1st period - Snap shot by Kailer Yamamoto.
5:27 of 1st period - Shot Misses the Net.
5:29 of 1st period - Slapshot by Wyatt Kalynuk.
5:29 of 1st period - Shot Blocked by Maxence Guenette.
5:31 of 1st period - Slapshot by Kailer Yamamoto.
5:31 of 1st period - Shot Misses the Net.
5:43 of 1st period - Wyatt Kalynuk is hit by Ty Dellandrea and loses puck.
6:04 of 1st period - Calle Rosen is hit by Jack Drury and loses puck.
6:11 of 1st period - Michael McLeod is hit by Jacob Perreault and loses puck.
6:40 of 1st period - Joel Kiviranta is hit by David Gustafsson and loses puck.
6:45 of 1st period - Snap shot by David Gustafsson.
6:45 of 1st period - Stopped by Eetu Makiniemi with a rebound.
7:05 of 1st period - Snap shot by Ty Dellandrea.
7:05 of 1st period - Shot Misses the Net.
7:25 of 1st period - Wrist shot by Jack Drury.
7:25 of 1st period - Shot Misses the Net.
7:27 of 1st period - Wrist shot by Oskari Laaksonen.
7:27 of 1st period - Stopped by Mikhail Berdin with a rebound.
7:59 of 1st period - Snap shot by Evgeny Svechnikov.
7:59 of 1st period - Stopped by Eetu Makiniemi without a rebound.
8:00 of 1st period - Michael McLeod wins face-off versus Jesse Ylonen in Kelowna Rockets zone.
8:11 of 1st period - Michael McLeod is hit by Roby Jarventie and loses puck.
8:30 of 1st period - Slapshot by Joel Kiviranta.
8:30 of 1st period - Shot Misses the Net.
8:32 of 1st period - Snap shot by Oskar Steen.
8:32 of 1st period - Shot Misses the Net.
8:34 of 1st period - Wrist shot by Joel Kiviranta.
8:34 of 1st period - Stopped by Mikhail Berdin with a rebound.
8:36 of 1st period - Snap shot by Oskar Steen.
8:36 of 1st period - Shot Blocked by Kevin Rooney.
8:38 of 1st period - Snap shot by Oskar Steen.
8:38 of 1st period - Stopped by Mikhail Berdin with a rebound.
8:50 of 1st period - Wrist shot by Jack Drury.
8:50 of 1st period - Shot Misses the Net.
8:58 of 1st period - Wrist shot by Jack Roslovic.
8:58 of 1st period - Stopped by Eetu Makiniemi with a rebound.
9:05 of 1st period - Maxence Guenette beats up Michael McLeod.
9:05 of 1st period - Penalty to Michael McLeod for Fighting.
9:05 of 1st period - Penalty to Maxence Guenette for Fighting.
9:06 of 1st period - David Gustafsson wins face-off versus Ty Dellandrea in neutral zone.
9:11 of 1st period - Snap shot by Travis Boyd.
9:11 of 1st period - Stopped by Eetu Makiniemi with a rebound.
9:13 of 1st period - Snap shot by Jesper Boqvist.
9:13 of 1st period - Stopped by Eetu Makiniemi without a rebound.
9:14 of 1st period - Ty Dellandrea wins face-off versus David Gustafsson in Kelowna Rockets zone.
9:19 of 1st period - Slapshot by Travis Boyd.
9:19 of 1st period - Shot Misses the Net.
9:21 of 1st period - Slapshot by Tobias Bjornfot.
9:21 of 1st period - Shot Misses the Net.
9:33 of 1st period - Ty Dellandrea is hit by Travis Boyd and loses puck.
9:38 of 1st period - Snap shot by Jesper Boqvist.
9:38 of 1st period - Stopped by Eetu Makiniemi without a rebound.
9:39 of 1st period - Oskar Steen wins face-off versus Jack Roslovic in Kelowna Rockets zone.
10:02 of 1st period - Joel Kiviranta is hit by Kailer Yamamoto and loses puck.
10:09 of 1st period - Slapshot by Jack Roslovic.
10:09 of 1st period - Stopped by Eetu Makiniemi with a rebound.
10:21 of 1st period - Wrist shot by Kailer Yamamoto.
10:21 of 1st period - Shot Misses the Net.
10:23 of 1st period - Slapshot by Sean Day.
10:23 of 1st period - Shot Blocked by Matias Maccelli.
10:25 of 1st period - Slapshot by Sean Day.
10:25 of 1st period - Shot Blocked by Matias Maccelli.
10:27 of 1st period - Slapshot by Calle Rosen.
10:27 of 1st period - Stopped by Eetu Makiniemi with a rebound.
10:29 of 1st period - Slapshot by Sean Day.
10:29 of 1st period - Stopped by Eetu Makiniemi with a rebound.
10:31 of 1st period - Snap shot by Kailer Yamamoto.
10:31 of 1st period - Shot Misses the Net.
10:33 of 1st period - Wrist shot by Zach Sanford.
10:33 of 1st period - Stopped by Eetu Makiniemi without a rebound.
10:34 of 1st period - Kevin Rooney wins face-off versus Ty Dellandrea in Kelowna Rockets zone.
10:39 of 1st period - Wrist shot by Kieffer Bellows.
10:39 of 1st period - Shot Misses the Net.
10:41 of 1st period - Snap shot by Tobias Bjornfot.
10:41 of 1st period - Shot Misses the Net.
10:43 of 1st period - Snap shot by Tobias Bjornfot.
10:43 of 1st period - Shot Misses the Net.
10:45 of 1st period - Snap shot by Tobias Bjornfot.
10:45 of 1st period - Stopped by Eetu Makiniemi with a rebound.
10:47 of 1st period - Wrist shot by Tobias Bjornfot.
10:47 of 1st period - Stopped by Eetu Makiniemi with a rebound.
10:49 of 1st period - Slapshot by Tobias Bjornfot.
10:49 of 1st period - Stopped by Eetu Makiniemi with a rebound.
11:38 of 1st period - Kevin Rooney is hit by Cale Fleury and loses puck.
11:49 of 1st period - Cale Fleury is hit by Jesper Boqvist and loses puck.
11:58 of 1st period - Jasper Weatherby is hit by Tobias Bjornfot and loses puck.
12:09 of 1st period - Snap shot by Ty Dellandrea.
12:09 of 1st period - Deflect By Oskar Steen.
12:09 of 1st period - Stopped by Mikhail Berdin with a rebound.
12:11 of 1st period - Snap shot by Oskar Steen.
12:11 of 1st period - Stopped by Mikhail Berdin with a rebound.
12:13 of 1st period - Slapshot by Cale Fleury.
12:13 of 1st period - Shot Blocked by Tobias Bjornfot.
12:15 of 1st period - Snap shot by Joel Kiviranta.
12:15 of 1st period - Stopped by Mikhail Berdin with a rebound.
12:29 of 1st period - Wrist shot by Kailer Yamamoto.
12:29 of 1st period - Shot Misses the Net.
12:37 of 1st period - Kailer Yamamoto is hit by Alex Peters and loses puck.
13:22 of 1st period - Minor Penalty to Hunter Drew for High sticking.
13:23 of 1st period - Ty Dellandrea wins face-off versus Kevin Rooney in Santa Cruz Tiger Sharks zone.
13:32 of 1st period - Wrist shot by Ty Dellandrea.
13:32 of 1st period - Shot Misses the Net.
13:34 of 1st period - Wrist shot by Ty Dellandrea.
13:34 of 1st period - Stopped by Mikhail Berdin without a rebound.
13:35 of 1st period - David Gustafsson wins face-off versus Ty Dellandrea in Santa Cruz Tiger Sharks zone.
14:05 of 1st period - Penalty to Michael McLeod is over, Michael McLeod is back on ice.
14:10 of 1st period - Snap shot by David Gustafsson.
14:10 of 1st period - Deflect By Matias Maccelli.
14:10 of 1st period - Stopped by Eetu Makiniemi with a rebound.
14:12 of 1st period - Slapshot by Michael McLeod.
14:12 of 1st period - Shot Misses the Net.
14:14 of 1st period - Slapshot by Calle Rosen.
14:14 of 1st period - Shot Blocked by Cale Fleury.
14:16 of 1st period - Wrist shot by Steven Lorentz.
14:16 of 1st period - Shot Hit the Post.
14:18 of 1st period - Snap shot by Michael McLeod.
14:18 of 1st period - Stopped by Eetu Makiniemi with a rebound.
14:20 of 1st period - Wrist shot by David Gustafsson.
14:20 of 1st period - Shot Blocked by Joel Kiviranta.
14:22 of 1st period - Wrist shot by Calle Rosen.
14:22 of 1st period - Deflect By Matias Maccelli.
14:22 of 1st period - Stopped by Eetu Makiniemi with a rebound.
14:53 of 1st period - Snap shot by Matias Maccelli.
14:53 of 1st period - Shot Hit the Post.
14:55 of 1st period - Snap shot by Oskar Steen.
14:55 of 1st period - Shot Misses the Net.
14:57 of 1st period - Snap shot by Cale Fleury.
14:57 of 1st period - Shot Blocked by Austin Strand.
14:59 of 1st period - Slapshot by Cale Fleury.
14:59 of 1st period - Shot Blocked by Austin Strand.
15:03 of 1st period - Backhand shot by Joel Kiviranta.
15:03 of 1st period - Stopped by Mikhail Berdin with a rebound.
15:05 of 1st period - Snap shot by Oskar Steen.
15:05 of 1st period - Shot Blocked by David Gustafsson.
15:07 of 1st period - Snap shot by Cale Fleury.
15:07 of 1st period - Shot Blocked by Tobias Bjornfot.
15:09 of 1st period - Slapshot by Cale Fleury.
15:09 of 1st period - Stopped by Mikhail Berdin with a rebound.
15:11 of 1st period - Slapshot by Cale Fleury.
15:11 of 1st period - Shot Blocked by Austin Strand.
15:13 of 1st period - Snap shot by Oskar Steen.
15:13 of 1st period - Shot Blocked by Austin Strand.
15:22 of 1st period - Penalty to Hunter Drew is over, Hunter Drew is back on ice.
15:23 of 1st period - Snap shot by Matias Maccelli.
15:23 of 1st period - Stopped by Mikhail Berdin without a rebound.
15:24 of 1st period - Ty Dellandrea wins face-off versus Jack Roslovic in Santa Cruz Tiger Sharks zone.
15:49 of 1st period - Kevin Rooney is hit by Givani Smith and loses puck.
15:56 of 1st period - Slapshot by Jacob Perreault.
15:56 of 1st period - Shot Misses the Net.
15:58 of 1st period - Wrist shot by Jacob Perreault.
15:58 of 1st period - Goal by Jacob Perreault - Kelowna Rockets : 1 - Santa Cruz Tiger Sharks : 0.
15:59 of 1st period - Kevin Rooney wins face-off versus Ty Dellandrea in neutral zone.
16:46 of 1st period - Backhand shot by Arnaud Durandeau.
16:46 of 1st period - Shot Blocked by Zach Sanford.
16:48 of 1st period - Wrist shot by Ty Dellandrea.
16:48 of 1st period - Deflect By Zach Sanford.
16:48 of 1st period - Stopped by Mikhail Berdin without a rebound.
16:49 of 1st period - Zach Sanford wins face-off versus Ty Dellandrea in Santa Cruz Tiger Sharks zone.
16:54 of 1st period - Snap shot by Kailer Yamamoto.
16:54 of 1st period - Stopped by Eetu Makiniemi without a rebound.
16:55 of 1st period - Ty Dellandrea wins face-off versus Michael McLeod in Kelowna Rockets zone.
17:04 of 1st period - Snap shot by Jesper Boqvist.
17:04 of 1st period - Stopped by Eetu Makiniemi with a rebound.
17:06 of 1st period - Snap shot by Jesper Boqvist.
17:06 of 1st period - Deflect By Michael McLeod.
17:06 of 1st period - Shot Misses the Net.
17:06 of 1st period - Puck is out of play.
17:07 of 1st period - Jack Roslovic wins face-off versus Ty Dellandrea in Kelowna Rockets zone.
17:08 of 1st period - Snap shot by Kailer Yamamoto.
17:08 of 1st period - Stopped by Eetu Makiniemi with a rebound.
17:11 of 1st period - Icing by Jesse Ylonen.
17:12 of 1st period - Jack Roslovic wins face-off versus Ty Dellandrea in Kelowna Rockets zone.
17:43 of 1st period - Wrist shot by Alexander Volkov.
17:43 of 1st period - Deflect By Kieffer Bellows.
17:43 of 1st period - Stopped by Eetu Makiniemi with a rebound.
18:25 of 1st period - Slapshot by David Gustafsson.
18:25 of 1st period - Shot Blocked by Ty Dellandrea.
18:43 of 1st period - Snap shot by Kailer Yamamoto.
18:43 of 1st period - Goal by Kailer Yamamoto - Kelowna Rockets : 1 - Santa Cruz Tiger Sharks : 1.
18:44 of 1st period - Kevin Rooney wins face-off versus Jasper Weatherby in neutral zone.
18:49 of 1st period - Backhand shot by Jesse Ylonen.
18:49 of 1st period - Deflect By Jasper Weatherby.
18:49 of 1st period - Stopped by Mikhail Berdin with a rebound.
18:51 of 1st period - Snap shot by Jesse Ylonen.
18:51 of 1st period - Stopped by Mikhail Berdin with a rebound.
18:53 of 1st period - Wrist shot by Ty Dellandrea.
18:53 of 1st period - Stopped by Mikhail Berdin with a rebound.
18:55 of 1st period - Snap shot by Jesse Ylonen.
18:55 of 1st period - Stopped by Mikhail Berdin with a rebound.
18:57 of 1st period - Slapshot by Lucas Johansen.
18:57 of 1st period - Stopped by Mikhail Berdin without a rebound.
18:58 of 1st period - Ty Dellandrea wins face-off versus Michael McLeod in Santa Cruz Tiger Sharks zone.
19:12 of 1st period - Tobias Bjornfot is hit by Jasper Weatherby and loses puck.
Goals for this period are 1 for Kelowna Rockets vs 1 for Santa Cruz Tiger Sharks.
Shots for this period are 23 for Kelowna Rockets vs 23 for Santa Cruz Tiger Sharks.
2nd period
0:01 of 2nd period - Ty Dellandrea wins face-off versus Michael McLeod in neutral zone.
0:15 of 2nd period - Slapshot by Jesse Ylonen.
0:15 of 2nd period - Stopped by Mikhail Berdin with a rebound.
0:47 of 2nd period - Austin Strand and Givani Smith fight to a draw.
0:47 of 2nd period - Penalty to Austin Strand for Fighting.
0:47 of 2nd period - Penalty to Givani Smith for Fighting.
0:48 of 2nd period - Travis Boyd wins face-off versus Jesse Ylonen in Kelowna Rockets zone.
0:54 of 2nd period - Minor Penalty to Jasper Weatherby for Kneeing.
0:55 of 2nd period - Jack Roslovic wins face-off versus Ty Dellandrea in Kelowna Rockets zone.
0:55 of 2nd period - Wrist shot by Kailer Yamamoto.
0:55 of 2nd period - Stopped by Eetu Makiniemi with a rebound.
0:57 of 2nd period - Snap shot by Zach Sanford.
0:57 of 2nd period - Goal by Zach Sanford - Kelowna Rockets : 1 - Santa Cruz Tiger Sharks : 2.
0:58 of 2nd period - Kevin Rooney wins face-off versus Ty Dellandrea in neutral zone.
1:19 of 2nd period - Minor Penalty to Max Lajoie for Tripping.
1:20 of 2nd period - Jesper Boqvist wins face-off versus Ty Dellandrea in Kelowna Rockets zone.
1:23 of 2nd period - Wrist shot by Michael McLeod.
1:23 of 2nd period - Stopped by Eetu Makiniemi without a rebound.
1:24 of 2nd period - Michael McLeod wins face-off versus Ty Dellandrea in Kelowna Rockets zone.
1:45 of 2nd period - Icing by Calle Rosen.
1:46 of 2nd period - Travis Boyd wins face-off versus Ty Dellandrea in Santa Cruz Tiger Sharks zone.
2:39 of 2nd period - Wrist shot by Jesper Boqvist.
2:39 of 2nd period - Stopped by Eetu Makiniemi without a rebound.
2:40 of 2nd period - Ty Dellandrea wins face-off versus Jack Roslovic in Kelowna Rockets zone.
3:08 of 2nd period - Zach Sanford is hit by Lucas Johansen.
3:16 of 2nd period - Slapshot by Jack Roslovic.
3:16 of 2nd period - Shot Misses the Net.
3:19 of 2nd period - Penalty to Max Lajoie is over, Max Lajoie is back on ice.
3:32 of 2nd period - Slapshot by Kailer Yamamoto.
3:32 of 2nd period - Shot Misses the Net.
4:14 of 2nd period - Snap shot by Matias Maccelli.
4:14 of 2nd period - Deflect By Jesse Ylonen.
4:14 of 2nd period - Shot Misses the Net.
4:14 of 2nd period - Puck is out of play.
4:15 of 2nd period - Michael McLeod wins face-off versus Ty Dellandrea in Santa Cruz Tiger Sharks zone.
4:31 of 2nd period - Minor Penalty to Jesper Boqvist for Slashing.
4:32 of 2nd period - Ty Dellandrea wins face-off versus Kevin Rooney in Santa Cruz Tiger Sharks zone.
4:38 of 2nd period - Snap shot by Ty Dellandrea.
4:38 of 2nd period - Goal by Ty Dellandrea - Kelowna Rockets : 2 - Santa Cruz Tiger Sharks : 2.
4:39 of 2nd period - Michael McLeod wins face-off versus Ty Dellandrea in neutral zone.
4:42 of 2nd period - Snap shot by Ty Dellandrea.
4:42 of 2nd period - Shot Misses the Net.
5:18 of 2nd period - Wrist shot by Jacob Perreault.
5:18 of 2nd period - Shot Blocked by Michael McLeod.
5:50 of 2nd period - Wrist shot by Kailer Yamamoto.
5:50 of 2nd period - Stopped by Eetu Makiniemi without a rebound.
5:51 of 2nd period - Ty Dellandrea wins face-off versus Jack Roslovic in Kelowna Rockets zone.
5:51 of 2nd period - Ty Dellandrea is hit by Kailer Yamamoto.
6:34 of 2nd period - Cale Fleury is hit by Tobias Bjornfot and loses puck.
6:43 of 2nd period - Max Lajoie is hit by Wyatt Kalynuk and loses puck.
6:58 of 2nd period - Slapshot by Kailer Yamamoto.
6:58 of 2nd period - Deflect By Jack Roslovic.
6:58 of 2nd period - Shot Blocked by Max Lajoie.
6:58 of 2nd period - Puck is out of play.
6:59 of 2nd period - Kevin Rooney wins face-off versus Oskar Steen in Kelowna Rockets zone.
7:04 of 2nd period - Slapshot by Kevin Rooney.
7:04 of 2nd period - Stopped by Eetu Makiniemi with a rebound.
7:06 of 2nd period - Snap shot by Kevin Rooney.
7:06 of 2nd period - Stopped by Eetu Makiniemi with a rebound.
7:08 of 2nd period - Slapshot by Calle Rosen.
7:08 of 2nd period - Stopped by Eetu Makiniemi with a rebound.
7:33 of 2nd period - Snap shot by Jack Drury.
7:33 of 2nd period - Shot Blocked by Hunter Drew.
7:35 of 2nd period - Snap shot by Jacob Perreault.
7:35 of 2nd period - Shot Misses the Net.
7:37 of 2nd period - Snap shot by Jack Drury.
7:37 of 2nd period - Stopped by Mikhail Berdin with a rebound.
8:07 of 2nd period - Hunter Drew is hit by Alex Peters.
8:21 of 2nd period - Snap shot by Jack Drury.
8:21 of 2nd period - Stopped by Mikhail Berdin without a rebound.
8:22 of 2nd period - Jack Drury wins face-off versus Kevin Rooney in Santa Cruz Tiger Sharks zone.
8:42 of 2nd period - Icing by Kevin Rooney.
8:43 of 2nd period - Ty Dellandrea wins face-off versus David Gustafsson in Santa Cruz Tiger Sharks zone.
8:46 of 2nd period - Slapshot by Jasper Weatherby.
8:46 of 2nd period - Shot Misses the Net.
8:58 of 2nd period - Slapshot by Tobias Bjornfot.
8:58 of 2nd period - Shot Misses the Net.
9:32 of 2nd period - Snap shot by Givani Smith.
9:32 of 2nd period - Stopped by Mikhail Berdin without a rebound.
9:33 of 2nd period - Michael McLeod wins face-off versus Jack Drury in Santa Cruz Tiger Sharks zone.
9:33 of 2nd period - Michael McLeod is hit by Givani Smith.
9:55 of 2nd period - Minor Penalty to Givani Smith for Holding.
9:56 of 2nd period - Ty Dellandrea wins face-off versus Jack Roslovic in Kelowna Rockets zone.
11:48 of 2nd period - Matias Maccelli is hit by Travis Boyd and loses puck.
11:55 of 2nd period - Penalty to Givani Smith is over, Givani Smith is back on ice.
12:19 of 2nd period - Oskar Steen is hit by Kevin Rooney and loses puck.
13:19 of 2nd period - Minor Penalty to Oskari Laaksonen for Interference.
13:20 of 2nd period - Ty Dellandrea wins face-off versus Michael McLeod in Kelowna Rockets zone.
13:45 of 2nd period - Cale Fleury is hit by Sean Day.
15:19 of 2nd period - Penalty to Oskari Laaksonen is over, Oskari Laaksonen is back on ice.
15:47 of 2nd period - David Gustafsson is hit by Oskar Steen and loses puck.
16:20 of 2nd period - Oskar Steen is hit by Kieffer Bellows and loses puck.
16:34 of 2nd period - Icing by Wyatt Kalynuk.
16:35 of 2nd period - Roby Jarventie wins face-off versus David Gustafsson in Santa Cruz Tiger Sharks zone.
16:36 of 2nd period - Snap shot by Arnaud Durandeau.
16:36 of 2nd period - Stopped by Mikhail Berdin without a rebound.
16:37 of 2nd period - David Gustafsson wins face-off versus Oskar Steen in Santa Cruz Tiger Sharks zone.
16:49 of 2nd period - Minor Penalty to Sean Day for Roughing.
16:50 of 2nd period - Kevin Rooney wins face-off versus Ty Dellandrea in Santa Cruz Tiger Sharks zone.
16:50 of 2nd period - Kevin Rooney is hit by Ty Dellandrea.
17:29 of 2nd period - Matias Maccelli is hit by Tobias Bjornfot and loses puck.
18:23 of 2nd period - Cale Fleury is hit by Austin Strand and loses puck.
18:34 of 2nd period - Ty Dellandrea is hit by Steven Lorentz.
18:49 of 2nd period - Penalty to Sean Day is over, Sean Day is back on ice.
19:35 of 2nd period - Alex Peters is hit by Zach Sanford and loses puck.
Goals for this period are 1 for Kelowna Rockets vs 1 for Santa Cruz Tiger Sharks.
Shots for this period are 6 for Kelowna Rockets vs 8 for Santa Cruz Tiger Sharks.
3rd period
0:01 of 3rd period - Ty Dellandrea wins face-off versus Michael McLeod in neutral zone.
0:26 of 3rd period - Michael McLeod is hit by Jacob Perreault and loses puck.
0:37 of 3rd period - Slapshot by Jacob Perreault.
0:37 of 3rd period - Shot Misses the Net.
0:39 of 3rd period - Snap shot by Jacob Perreault.
0:39 of 3rd period - Stopped by Mikhail Berdin without a rebound.
0:40 of 3rd period - Jack Roslovic wins face-off versus Ty Dellandrea in Santa Cruz Tiger Sharks zone.
0:40 of 3rd period - Jack Roslovic is hit by Ty Dellandrea.
0:49 of 3rd period - Slapshot by Austin Strand.
0:49 of 3rd period - Shot Blocked by Lucas Johansen.
0:51 of 3rd period - Slapshot by Austin Strand.
0:51 of 3rd period - Shot Blocked by Ty Dellandrea.
0:53 of 3rd period - Snap shot by Kailer Yamamoto.
0:53 of 3rd period - Shot Misses the Net.
0:55 of 3rd period - Wrist shot by Kailer Yamamoto.
0:55 of 3rd period - Stopped by Eetu Makiniemi without a rebound.
0:56 of 3rd period - Kevin Rooney wins face-off versus Oskar Steen in Kelowna Rockets zone.
1:54 of 3rd period - Minor Penalty to Sean Day for Boarding.
1:55 of 3rd period - David Gustafsson wins face-off versus Ty Dellandrea in Santa Cruz Tiger Sharks zone.
2:00 of 3rd period - Minor Penalty to Jasper Weatherby for Roughing.
2:01 of 3rd period - Ty Dellandrea wins face-off versus Jack Roslovic in Kelowna Rockets zone.
2:26 of 3rd period - Tobias Bjornfot is hit by Max Lajoie and loses puck.
2:47 of 3rd period - Slapshot by Cale Fleury.
2:47 of 3rd period - Shot Misses the Net.
3:45 of 3rd period - Michael McLeod is hit by Cale Fleury and loses puck.
3:54 of 3rd period - Penalty to Sean Day is over, Sean Day is back on ice.
4:00 of 3rd period - Penalty to Jasper Weatherby is over, Jasper Weatherby is back on ice.
4:34 of 3rd period - Icing by Lauri Pajuniemi.
4:35 of 3rd period - David Gustafsson wins face-off versus Roby Jarventie in Kelowna Rockets zone.
4:43 of 3rd period - Off-side.
4:44 of 3rd period - Jack Drury wins face-off versus Kevin Rooney in neutral zone.
4:49 of 3rd period - Snap shot by Givani Smith.
4:49 of 3rd period - Shot Blocked by Kieffer Bellows.
5:11 of 3rd period - Snap shot by Jack Roslovic.
5:11 of 3rd period - Stopped by Eetu Makiniemi with a rebound.
5:13 of 3rd period - Slapshot by Kailer Yamamoto.
5:13 of 3rd period - Shot Misses the Net.
5:15 of 3rd period - Slapshot by Kailer Yamamoto.
5:15 of 3rd period - Deflect By Jack Roslovic.
5:15 of 3rd period - Stopped by Eetu Makiniemi without a rebound.
5:16 of 3rd period - Ty Dellandrea wins face-off versus Kailer Yamamoto in Kelowna Rockets zone.
5:23 of 3rd period - Snap shot by Jesse Ylonen.
5:23 of 3rd period - Stopped by Mikhail Berdin with a rebound.
5:45 of 3rd period - Wrist shot by Matias Maccelli.
5:45 of 3rd period - Shot Misses the Net.
5:49 of 3rd period - Wrist shot by Matias Maccelli.
5:49 of 3rd period - Shot Blocked by Hunter Drew.
6:02 of 3rd period - Icing by Givani Smith.
6:03 of 3rd period - Givani Smith wins face-off versus Kevin Rooney in Kelowna Rockets zone.
6:12 of 3rd period - Snap shot by Alexander Volkov.
6:12 of 3rd period - Stopped by Eetu Makiniemi with a rebound.
6:18 of 3rd period - Alexander Volkov is hit by Jacob Perreault and loses puck.
6:25 of 3rd period - Wrist shot by Jack Drury.
6:25 of 3rd period - Stopped by Mikhail Berdin with a rebound.
6:27 of 3rd period - Slapshot by Lucas Johansen.
6:27 of 3rd period - Stopped by Mikhail Berdin with a rebound.
6:29 of 3rd period - Slapshot by Maxence Guenette.
6:29 of 3rd period - Stopped by Mikhail Berdin without a rebound.
6:30 of 3rd period - Ty Dellandrea wins face-off versus Jack Roslovic in Santa Cruz Tiger Sharks zone.
6:41 of 3rd period - Snap shot by Kailer Yamamoto.
6:41 of 3rd period - Deflect By Jack Roslovic.
6:41 of 3rd period - Stopped by Eetu Makiniemi without a rebound.
6:42 of 3rd period - Michael McLeod wins face-off versus Jesse Ylonen in Kelowna Rockets zone.
6:43 of 3rd period - Slapshot by Jesper Boqvist.
6:43 of 3rd period - Shot Blocked by Ty Dellandrea.
6:45 of 3rd period - Wrist shot by Jesper Boqvist.
6:45 of 3rd period - Stopped by Eetu Makiniemi without a rebound.
6:46 of 3rd period - Ty Dellandrea wins face-off versus Michael McLeod in Kelowna Rockets zone.
7:26 of 3rd period - Wrist shot by Kailer Yamamoto.
7:26 of 3rd period - Stopped by Eetu Makiniemi with a rebound.
7:32 of 3rd period - Minor Penalty to Oskar Steen for Tripping.
7:33 of 3rd period - Jack Roslovic wins face-off versus Ty Dellandrea in Kelowna Rockets zone.
7:36 of 3rd period - Snap shot by Jack Roslovic.
7:36 of 3rd period - Stopped by Eetu Makiniemi without a rebound.
7:37 of 3rd period - Ty Dellandrea wins face-off versus Jack Roslovic in Kelowna Rockets zone.
7:52 of 3rd period - Wrist shot by Kailer Yamamoto.
7:52 of 3rd period - Deflect By Zach Sanford.
7:52 of 3rd period - Goal by Zach Sanford - Kelowna Rockets : 2 - Santa Cruz Tiger Sharks : 3.
7:53 of 3rd period - Ty Dellandrea wins face-off versus Jack Roslovic in neutral zone.
8:28 of 3rd period - Backhand shot by Jesper Boqvist.
8:28 of 3rd period - Stopped by Eetu Makiniemi without a rebound.
8:29 of 3rd period - Ty Dellandrea wins face-off versus Jack Roslovic in Kelowna Rockets zone.
8:36 of 3rd period - Snap shot by Jack Roslovic.
8:36 of 3rd period - Shot Hit the Post.
8:47 of 3rd period - Icing by Jack Roslovic.
8:48 of 3rd period - Jack Roslovic wins face-off versus Oskar Steen in Santa Cruz Tiger Sharks zone.
9:44 of 3rd period - Backhand shot by Kevin Rooney.
9:44 of 3rd period - Shot Blocked by Jacob Perreault.
9:46 of 3rd period - Slapshot by Alexander Volkov.
9:46 of 3rd period - Shot Misses the Net.
9:48 of 3rd period - Wrist shot by Kieffer Bellows.
9:48 of 3rd period - Stopped by Eetu Makiniemi without a rebound.
9:49 of 3rd period - Michael McLeod wins face-off versus Oskar Steen in Kelowna Rockets zone.
9:54 of 3rd period - Snap shot by Michael McLeod.
9:54 of 3rd period - Shot Blocked by Maxence Guenette.
9:56 of 3rd period - Minor Penalty to Oskar Steen for Hooking.
9:57 of 3rd period - Ty Dellandrea wins face-off versus Jack Roslovic in Kelowna Rockets zone.
10:53 of 3rd period - Sean Day is hit by Jasper Weatherby and loses puck.
11:56 of 3rd period - Penalty to Oskar Steen is over, Oskar Steen is back on ice.
12:08 of 3rd period - Wrist shot by Jasper Weatherby.
12:08 of 3rd period - Stopped by Mikhail Berdin with a rebound.
13:36 of 3rd period - Off-side.
13:37 of 3rd period - Jack Drury wins face-off versus Jack Roslovic in neutral zone.
13:46 of 3rd period - Wrist shot by Jacob Perreault.
13:46 of 3rd period - Shot Misses the Net.
13:48 of 3rd period - Slapshot by Max Lajoie.
13:48 of 3rd period - Shot Misses the Net.
14:02 of 3rd period - Wrist shot by Ty Dellandrea.
14:02 of 3rd period - Stopped by Mikhail Berdin with a rebound.
14:04 of 3rd period - Slapshot by Ty Dellandrea.
14:04 of 3rd period - Goal by Ty Dellandrea - Kelowna Rockets : 3 - Santa Cruz Tiger Sharks : 3.
14:05 of 3rd period - Michael McLeod wins face-off versus Jesse Ylonen in neutral zone.
14:16 of 3rd period - Snap shot by Travis Boyd.
14:16 of 3rd period - Shot Misses the Net.
14:53 of 3rd period - Kieffer Bellows is hit by Jacob Perreault and loses puck.
16:34 of 3rd period - Kailer Yamamoto is hit by Ty Dellandrea and loses puck.
17:07 of 3rd period - Matias Maccelli is hit by Kailer Yamamoto and loses puck.
17:28 of 3rd period - Joel Kiviranta is hit by Steven Lorentz and loses puck.
18:06 of 3rd period - Wrist shot by Zach Sanford.
18:06 of 3rd period - Shot Misses the Net.
18:54 of 3rd period - Slapshot by Wyatt Kalynuk.
18:54 of 3rd period - Shot Misses the Net.
19:00 of 3rd period - Snap shot by Travis Boyd.
19:00 of 3rd period - Shot Misses the Net.
19:02 of 3rd period - Snap shot by Michael McLeod.
19:02 of 3rd period - Shot Misses the Net.
19:04 of 3rd period - Slapshot by Hunter Drew.
19:04 of 3rd period - Shot Blocked by Matias Maccelli.
Goals for this period are 1 for Kelowna Rockets vs 1 for Santa Cruz Tiger Sharks.
Shots for this period are 8 for Kelowna Rockets vs 11 for Santa Cruz Tiger Sharks.
Overtime #1
0:01 of 1st overtime period - Ty Dellandrea wins face-off versus Jack Roslovic in neutral zone.
0:11 of 1st overtime period - Off-side.
0:12 of 1st overtime period - Michael McLeod wins face-off versus Ty Dellandrea in neutral zone.
0:23 of 1st overtime period - Snap shot by Jasper Weatherby.
0:23 of 1st overtime period - Shot Blocked by Michael McLeod.
1:18 of 1st overtime period - Michael McLeod is hit by Roby Jarventie and loses puck.
1:48 of 1st overtime period - Icing by Matias Maccelli.
1:49 of 1st overtime period - Michael McLeod wins face-off versus Jesse Ylonen in Kelowna Rockets zone.
Goals for this period are 0 for Kelowna Rockets vs 0 for Santa Cruz Tiger Sharks.
Shots for this period are 0 for Kelowna Rockets vs 0 for Santa Cruz Tiger Sharks.
ShootOut
5:00 of 1st overtime period - Round #1.
5:00 of 1st overtime period - Kelowna Rockets, Ty Dellandrea.
5:00 of 1st overtime period - Snap shot by Ty Dellandrea.
5:00 of 1st overtime period - Stopped by Mikhail Berdin.
5:00 of 1st overtime period - Santa Cruz Tiger Sharks, Jack Roslovic.
5:00 of 1st overtime period - Wrist shot by Jack Roslovic.
5:00 of 1st overtime period - Stopped by Eetu Makiniemi.
5:00 of 1st overtime period - Round #2.
5:00 of 1st overtime period - Kelowna Rockets, Jasper Weatherby.
5:00 of 1st overtime period - Backhand shot by Jasper Weatherby.
5:00 of 1st overtime period - Stopped by Mikhail Berdin.
5:00 of 1st overtime period - Santa Cruz Tiger Sharks, Kailer Yamamoto.
5:00 of 1st overtime period - Backhand shot by Kailer Yamamoto.
5:00 of 1st overtime period - Goal by Kailer Yamamoto.
5:00 of 1st overtime period - Round #3.
5:00 of 1st overtime period - Kelowna Rockets, Jesse Ylonen.
5:00 of 1st overtime period - Wrist shot by Jesse Ylonen.
5:00 of 1st overtime period - Stopped by Mikhail Berdin.
Back to the Top